 Dungeon Crawl Stone Soup version 0.31-a0-234-gad7ace16ef (webtiles) character file.

Game seed: 1148597366420774586

40 qw the Shooter (level 3, -7/29 HPs)
             Began as a Minotaur Hexslinger on July 9, 2023.
             Mangled by an orc
             ... wielding a +1 heavy hand axe
              (13 damage)
             ... on level 2 of the Dungeon.
             The game lasted 00:00:26 (1062 turns).

qw the Shooter (Minotaur Hexslinger)                Turns: 1062, Time: 00:00:26

Health: -7/29      AC:  3    Str: 12    XL:     3   Next: 30%
Magic:  3/3        EV: 12    Int: 10    God:
Gold:   50         SH:  0    Dex: 14    Spells: 3/4 levels left

rFire   . . .        Y - +1 sling
rCold   . . .        (no shield)
rNeg    . . .        c - +0 robe
rPois   .            (helmet restricted)
rElec   .            e - +0 cloak
rCorr   .            (no gloves)
SInv    .            (no boots)
Will    .....        (no amulet)
Stlth   +            (no ring)
HPRegen 0.24/turn    (no ring)
MPRegen 0.08/turn

%: no passive effects
@: no status effects
A: horns 2, retaliatory headbutt
a: no special abilities


You were on level 2 of the Dungeon.
You visited 1 branch of the dungeon, and saw 2 of its levels.

You collected 50 gold pieces.


Innate Abilities, Weirdness & Mutations

You have a pair of horns on your head.
You reflexively headbutt those who attack you in melee.


   Skills:
 - Level 2.0 Fighting
 + Level 3.8 Ranged Weapons
 - Level 2.1 Dodging
 - Level 1.0 Spellcasting
 - Level 2.0 Hexes


You had 3 spell levels left.
You knew the following spells:

 Your Spells              Type           Power      Damage    Failure   Level
a - Slow                  Hex            16%        N/A       16%         1

Your spell library contained the following spells:

 Spells                   Type           Power      Damage    Failure   Level
 Inner Flame              Hex/Fire       2%         N/A       56%         3
 Portal Projectile        Hex/Tloc       4%         N/A       56%         3
 Cause Fear               Hex            2%         N/A       83%         4

Inventory:

Hand Weapons
 Y - a +1 sling (weapon)
Armour
 a - a +0 pair of gloves
 c - a +0 robe (worn)
 e - a +0 cloak (worn)
Scrolls
 d - a scroll of immolation {unknown}
Potions
 b - a potion of mutation {unknown}

Dungeon Overview and Level Annotations

Branches:
Dungeon (2/15)

Altars:


Message History

There is an open door here.
An orc comes into view. It is wielding a +1 heavy hand axe.
The orc shouts!
You hear a shout!
A goblin comes into view. It is wielding a +0 dagger.
Enter note:
Enter note: You shoot a sling bullet.
The goblin shouts!
The sling bullet hits the orc but does no damage.
An orc comes into view. It is wielding a +0 short sword.
You shoot a sling bullet. The orc shouts!
The sling bullet hits the orc but does no damage.
An orc priest comes into view. It is wielding a +0 whip.
An orc comes into view. It is wielding a +0 club.
You shoot a sling bullet. The orc shouts!
The sling bullet hits the orc but does no damage.
You shoot a sling bullet.
The sling bullet hits the orc but does no damage.
You shoot a sling bullet. The sling bullet hits the orc.
The orc is moderately wounded.
The orc priest looks encouraged for a moment.
The orc hits you with a +1 heavy hand axe!
You shoot a sling bullet.
The sling bullet completely misses the orc.
The sling bullet hits the goblin.
The goblin is severely wounded.
You shoot a sling bullet.
The sling bullet closely misses the goblin.
The orc closely misses you. The goblin hits you with a +0 dagger.
You shoot a sling bullet. The sling bullet hits the goblin.
You kill the goblin!
The orc closely misses you.
The orc hits you with a +1 heavy hand axe!
You shoot a sling bullet. The sling bullet hits the orc.
The orc is heavily wounded.
The orc hits you with a +0 club.
The orc hits you with a +1 heavy hand axe!
You die...

##### . #.# ###...#
... #.# #.#..o#.....
#.# #.'.@oo..... #.#
#.#.o).###+#
###.#####.#....>#
.........+.......
###.####.##......##
#............#....#
#.#.####.###.#..#...
# #.####.# #.#..###.
#.#....#.#


You could see an orc priest and 3 orcs.

Vanquished Creatures
  A dart slug (D:2)
  5 endoplasms (D:1)
  2 giant cockroaches (D:1)
  7 goblins
  6 jackals (D:1)
  6 kobolds (D:1)
  A quokka (D:2)
  A ball python (D:1)
  A bat (D:1)
30 creatures vanquished.

Notes
Turn   | Place    | Note
-------+----------+-------------------------------------------
     0 | D:1      | qw the Minotaur Hexslinger began the quest for the Orb.
     0 | D:1      | Reached XP level 1. HP: 16/16 MP: 1/1
     0 | D:1      | 0 ||| qw: Version: 0.3-a-51-g015441d
     0 | D:1      | 0 ||| qw: Game counter: 4201
     0 | D:1      | 0 ||| qw: Melee chars always use a shield: true
     0 | D:1      | 0 ||| qw: God list: Okawaru
     0 | D:1      | 0 ||| qw: Allow faded altars: false
     0 | D:1      | 0 ||| qw: Do Orc after clearing Dungeon:15 true
     0 | D:1      | 0 ||| qw: Do second Lair branch before Depths: true
     0 | D:1      | 0 ||| qw: Lair rune preference: random
     0 | D:1      | 0 ||| qw: Goals: Normal
     0 | D:1      | 0 ||| PLANNING D:1-11
   159 | D:1      | Reached skill level 3 in Ranged Weapons
   179 | D:1      | Reached XP level 2. HP: 17/23 MP: 2/2
   188 | D:1      | HP: 5/24 [jackal (2)]
   496 | D:1      | 496 ||| FLEEEEING.
   736 | D:1      | Reached XP level 3. HP: 29/29 MP: 3/3
   954 | D:1      | 954 ||| UPGRADING to +0 cloak.
   959 | D:1      | 959 ||| READING scroll labelled ZULOCV JAOGG.
   964 | D:1      | 964 ||| READING scroll labelled ONOT OPYPIESU.
   965 | D:1      | 965 ||| DROPPING scroll of poison.
  1062 | D:2      | HP: 6/29 [orc/+0 club (4)]
  1062 | D:2      | Mangled by an orc

Levels and vault maps discovered:
D:1:      ncdulo_wetmaze, layout_basic, dreamdust_princess_bridge
D:2:      layout_basic

Skill      XL: |  1  2 |
---------------+-------+-----
Ranged Weapons | 3 |  3.8
Fighting       | 2 |  2.0
Dodging        | |  2.1
Spellcasting   | |  1.0
Hexes          | |  2.0

Action                     || total
---------------------------++-------
   Fire: Sling             ||   111
    Use: Scroll            ||     2
 Armour: Robe              ||    10
  Dodge: Dodged            ||    31

Table legend:
 A = Non-vault XP
 B = Vault XP
 C = Vault XP percentage of total XP
 D = Non-vault monster count
 E = Vault monster count
 F = Vault count percentage of total count
                 A         B        C        D         E       F
            +---------+---------+-------+---------+---------+-------
      Total |      58 |       0 |   0.0 |      30 |       0 |   0.0
            +---------+---------+-------+---------+---------+-------
        D:1 |      48 |       0 |   0.0 |      26 |       0 |   0.0
        D:2 |      10 |       0 |   0.0 |       4 |       0 |   0.0
            +---------+---------+-------+---------+---------+-------
